MapleLeafs vs Kings

Created - March 2 2012 at 18:57

Goals
1 2 3 T
MapleLeafs 5 1 1 7
Kings 1 4 0 5
Shots
1 2 3 T
MapleLeafs 12 10 5 27
Kings 3 18 7 28

Period #1

1. Kings , Antoine Vermette 7 (Sean Bergenheim, Jarret Stoll) at 1:01
2. MapleLeafs , Patrick Marleau 30 (Ed Jovanovski, Evgeni Malkin) at 2:53 (PP)
3. MapleLeafs , Kris Versteeg 23 (Mike Fisher, Mike Grier) at 4:35 (PP)
4. MapleLeafs , Vincent Lecavalier 23 (Patrick Marleau, Evgeni Malkin) at 8:22 (PP)
5. MapleLeafs , Mike Grier 8 (Kris Versteeg, Greg Zanon) at 8:52 (PP)
6. MapleLeafs , Drew Doughty 10 (Vincent Lecavalier, Evgeni Malkin) at 19:47

Penalties :
Bryan Allen (LOS) for Roughing (Minor) at 2:45, Bryan Allen (LOS) for Boarding (Minor) at 3:44, Joe Corvo (LOS) for Tripping (Minor) at 7:53, Sean Bergenheim (LOS) for Roughing (Minor) at 8:42, Antoine Vermette (LOS) for Interference (Minor) at 14:42, Bryan Allen (LOS) for Roughing (Minor) at 15:15

Period #2

7. Kings , Jamie McBain 14 (Jarret Stoll, Bryan Allen) at 1:03
8. Kings , Wojtek Wolski 11 (Brian Boyle, Jonathon Blum) at 5:53
9. MapleLeafs , Vincent Lecavalier 24 (Evgeni Malkin, Patrick Marleau) at 9:42 (PP)
10. Kings , Jarret Stoll 17 (Jamie McBain) at 12:54
11. Kings , Brian Boyle 9 (Jack Hillen) at 13:12

Penalties :
Matt Duchene (LOS) for Tripping (Minor) at 2:08, Vincent Lecavalier (TOR) for Hooking (Minor) at 3:21, Jarret Stoll (LOS) for Hooking (Minor) at 9:26, Sean Bergenheim (LOS) for Hooking (Minor) at 14:39, Andrew Alberts (TOR) for Interference (Minor) at 17:04

Period #3

12. MapleLeafs , Vincent Lecavalier 25 (Evgeni Malkin, Drew Doughty) at 19:21 (Empty Net)

Penalties :
Bryan Allen (LOS) for Delaying the game (Minor) at 0:31, Andrew Alberts (TOR) for Holding (Minor) at 5:51, Shawn Thornton (TOR) for Roughing (Minor) at 8:31, Bryan Allen (LOS) for Holding (Minor) at 15:25, Brian Rolston (LOS) for Hooking (Minor) at 16:41

Goalie Stats

Johan Hedberg (TOR), 10 saves from 10 shots - (1.000), 26:48 minutes
Ryan Miller (TOR), 13 saves from 18 shots - (0.722), W, 17-23-6, 33:12 minutes
Jonathan Quick (LOS), 7 saves from 12 shots - (0.583), 19:47 minutes
Nikolai Khabibulin (LOS), 13 saves from 14 shots - (0.929), L, 13-11-2, 39:55 minutes

Players Stats

MapleLeafs
Player Name              G  A  P  +/- PIM S  H  SB FO    MP 
------------------------------------------------------------
Adam Hall                0  0  0  -2  0   0  1  0  1/4   17 
Andrew Alberts           0  0  0  -2  4   0  2  1  0/0   14 
Drew Doughty             1  1  2   1  0   2  0  0  0/0   22 
Ed Jovanovski            0  1  1   1  0   3  1  0  0/0   21 
Evgeni Malkin            0  5  5   1  0   4  0  0  1/3   19 
Greg Zanon               0  1  1  -2  0   1  2  1  0/0   21 
Jay Harrison             0  0  0  -2  0   3  0  2  0/0   21 
Jordin Tootoo            0  0  0   0  0   0  0  0  0/0   0  
Kris Versteeg            1  1  2  -2  0   4  0  0  2/3   21 
Kyle Cumiskey            0  0  0  -2  0   2  0  0  0/0   17 
Mike Fisher              0  1  1  -2  0   1  2  1  14/22 19 
Mike Grier               1  1  2  -2  0   1  2  1  0/1   18 
Nick Boynton             0  0  0   0  0   0  0  0  0/0   2  
Patrick Marleau          1  2  3   1  0   1  1  0  8/14  23 
Shawn Thornton           0  0  0  -2  2   0  2  0  1/1   16 
Travis Moen              0  0  0   0  0   0  0  0  0/0   2  
Vernon Fiddler           0  0  0  -2  0   0  0  0  7/13  16 
Vincent Lecavalier       3  1  4   1  2   5  2  0  20/31 22 
Kings
Player Name              G  A  P  +/- PIM S  H  SB FO    MP 
------------------------------------------------------------
Antoine Vermette         1  0  1   2  2   1  0  0  18/33 21 
Brian Boyle              1  1  2   2  0   3  5  1  10/23 18 
Brian Rolston            0  0  0  -1  2   0  0  0  2/4   15 
Bryan Allen              0  1  1   2  10  1  2  1  0/0   18 
Chris Thorburn           0  0  0   0  0   1  0  0  1/6   11 
Craig Adams              0  0  0   0  0   1  0  1  0/1   10 
Evgeny Dadonov           0  0  0   0  0   2  0  0  0/0   5  
Jack Hillen              0  1  1   2  0   0  4  0  0/0   18 
Jamie McBain             1  1  2   2  0   4  0  1  0/0   20 
Jarret Stoll             1  2  3   2  2   5  2  0  0/1   15 
Joe Corvo                0  0  0  -1  2   0  2  1  0/0   23 
Jonathon Blum            0  1  1   2  0   0  2  0  0/0   16 
Matt Duchene             0  0  0  -1  2   3  0  0  6/20  15 
Michael Frolik           0  0  0   2  0   2  0  0  0/0   13 
Sean Bergenheim          0  1  1   2  4   2  3  0  0/1   14 
Sergei Gonchar           0  0  0  -1  0   2  0  1  0/0   24 
Sergei Samsonov          0  0  0  -1  0   0  1  0  1/2   14 
Wojtek Wolski            1  0  1   2  0   1  0  0  0/1   13 

3 Stars

1 - Vincent Lecavalier (TOR)
2 - Evgeni Malkin (TOR)
3 - Brian Boyle (LOS)

Power Play

MapleLeafs - 5 on 12 Attempt(s) - 41.67%
Kings - 0 on 4 Attempt(s) - 0.00%

Penalty Kill

MapleLeafs - 4 on 4 Attempt(s) - 100.00% - Score 0 goal in Penalty Kill
Kings - 7 on 12 Attempt(s) - 58.33% - Score 0 goal in Penalty Kill

Game Notes

Nikolai Khabibulin enters game at 19:47 of 1st period
Johan Hedberg enters game at 13:12 of 2nd period
Vincent Lecavalier has scored a Hat Trick!
Vincent Lecavalier has scored in a empty net!

Finance

Level 1 -- Attendance: 6389 (98.29%) -- Ticket Income $511,120.00
Level 2 -- Attendance: 4285 (85.70%) -- Ticket Income $214,250.00
Level 3 -- Attendance: 2374 (67.83%) -- Ticket Income $83,090.00
Level 4 -- Attendance: 2118 (100.00%) -- Ticket Income $42,360.00
Luxury Box -- Attendance: 669 (66.90%) -- Ticket Income $133,800.00
Game was played at the Staples Center
Total Attendance: 15835 (87.40%)
Total Ticket Income: $1,055,791.00
Other Income: $201,493.80
Total Income: $1,257,285.00


Play by Play

Period #1

0:01 of 1st period - Vincent Lecavalier wins face-off versus Matt Duchene in neutral zone.
0:18 of 1st period - Off-side.
0:19 of 1st period - Mike Fisher wins face-off versus Sean Bergenheim in neutral zone.
0:19 of 1st period - Mike Fisher is hit by Jarret Stoll.
0:31 of 1st period - Shot by Mike Grier.
0:31 of 1st period - Shot Misses the Net.
0:45 of 1st period - Shot by Jarret Stoll.
0:45 of 1st period - Shot Blocked by Mike Fisher.
0:57 of 1st period - Shot by Jarret Stoll.
0:57 of 1st period - Shot Blocked by Jay Harrison.
1:01 of 1st period - Shot by Antoine Vermette.
1:01 of 1st period - Goal by Antoine Vermette - MapleLeafs : 0 - Kings : 1.
1:02 of 1st period - Matt Duchene wins face-off versus Vincent Lecavalier in neutral zone.
1:10 of 1st period - Icing by Patrick Marleau.
1:11 of 1st period - Vincent Lecavalier wins face-off versus Brian Boyle in MapleLeafs zone.
1:56 of 1st period - Off-side.
1:57 of 1st period - Adam Hall wins face-off versus Brian Rolston in neutral zone.
2:24 of 1st period - Off-side.
2:25 of 1st period - Mike Fisher wins face-off versus Antoine Vermette in neutral zone.
2:31 of 1st period - Kris Versteeg is hit by Bryan Allen and loses puck.
2:45 of 1st period - Minor Penalty to Bryan Allen for Roughing.
2:46 of 1st period - Vincent Lecavalier wins face-off versus Brian Boyle in Kings zone.
2:49 of 1st period - Shot by Evgeni Malkin.
2:49 of 1st period - Shot Misses the Net.
2:51 of 1st period - Shot by Ed Jovanovski.
2:51 of 1st period - Shot Blocked by Craig Adams.
2:53 of 1st period - Shot by Patrick Marleau.
2:53 of 1st period - Goal by Patrick Marleau - MapleLeafs : 1 - Kings : 1.
2:54 of 1st period - Vernon Fiddler wins face-off versus Chris Thorburn in neutral zone.
3:27 of 1st period - Shot by Sergei Gonchar.
3:27 of 1st period - Stopped by Ryan Miller without a rebound.
3:28 of 1st period - Mike Fisher wins face-off versus Antoine Vermette in MapleLeafs zone.
3:44 of 1st period - Minor Penalty to Bryan Allen for Boarding.
3:45 of 1st period - Vincent Lecavalier wins face-off versus Antoine Vermette in Kings zone.
3:56 of 1st period - Shot by Vincent Lecavalier.
3:56 of 1st period - Shot Misses the Net.
3:58 of 1st period - Shot by Vincent Lecavalier.
3:58 of 1st period - Stopped by Jonathan Quick without a rebound.
3:59 of 1st period - Brian Boyle wins face-off versus Mike Fisher in Kings zone.
3:59 of 1st period - Brian Boyle is hit by Mike Fisher.
4:33 of 1st period - Shot by Mike Grier.
4:33 of 1st period - Shot Misses the Net.
4:35 of 1st period - Shot by Mike Fisher.
4:35 of 1st period - Deflect By Kris Versteeg.
4:35 of 1st period - Goal by Kris Versteeg - MapleLeafs : 2 - Kings : 1.
4:36 of 1st period - Vincent Lecavalier wins face-off versus Brian Boyle in neutral zone.
4:49 of 1st period - Off-side.
4:50 of 1st period - Matt Duchene wins face-off versus Vernon Fiddler in neutral zone.
4:57 of 1st period - Shot by Matt Duchene.
4:57 of 1st period - Shot Misses the Net.
5:43 of 1st period - Icing by Kyle Cumiskey.
5:44 of 1st period - Antoine Vermette wins face-off versus Adam Hall in MapleLeafs zone.
5:49 of 1st period - Shot by Antoine Vermette.
5:49 of 1st period - Shot Misses the Net.
7:08 of 1st period - Shot by Michael Frolik.
7:08 of 1st period - Shot Misses the Net.
7:53 of 1st period - Minor Penalty to Joe Corvo for Tripping.
7:54 of 1st period - Antoine Vermette wins face-off versus Vincent Lecavalier in Kings zone.
8:18 of 1st period - Shot by Evgeni Malkin.
8:18 of 1st period - Shot Blocked by Brian Boyle.
8:20 of 1st period - Shot by Evgeni Malkin.
8:20 of 1st period - Shot Blocked by Sergei Gonchar.
8:22 of 1st period - Shot by Patrick Marleau.
8:22 of 1st period - Deflect By Vincent Lecavalier.
8:22 of 1st period - Goal by Vincent Lecavalier - MapleLeafs : 3 - Kings : 1.
8:23 of 1st period - Matt Duchene wins face-off versus Vernon Fiddler in neutral zone.
8:33 of 1st period - Icing by Adam Hall.
8:34 of 1st period - Antoine Vermette wins face-off versus Vernon Fiddler in MapleLeafs zone.
8:35 of 1st period - Shot by Jarret Stoll.
8:35 of 1st period - Shot Misses the Net.
8:42 of 1st period - Minor Penalty to Sean Bergenheim for Roughing.
8:43 of 1st period - Brian Boyle wins face-off versus Mike Fisher in Kings zone.
8:52 of 1st period - Shot by Kris Versteeg.
8:52 of 1st period - Deflect By Mike Grier.
8:52 of 1st period - Goal by Mike Grier - MapleLeafs : 4 - Kings : 1.
8:53 of 1st period - Mike Fisher wins face-off versus Brian Boyle in neutral zone.
8:53 of 1st period - Mike Fisher is hit by Brian Boyle.
8:59 of 1st period - Icing by Brian Boyle.
9:00 of 1st period - Shawn Thornton wins face-off versus Brian Boyle in Kings zone.
9:44 of 1st period - Off-side.
9:45 of 1st period - Mike Fisher wins face-off versus Sergei Samsonov in neutral zone.
10:13 of 1st period - Icing by Sergei Gonchar.
10:14 of 1st period - Vincent Lecavalier wins face-off versus Matt Duchene in Kings zone.
10:42 of 1st period - Icing by Ed Jovanovski.
10:43 of 1st period - Vincent Lecavalier wins face-off versus Antoine Vermette in MapleLeafs zone.
11:04 of 1st period - Shot by Jarret Stoll.
11:04 of 1st period - Stopped by Ryan Miller without a rebound.
11:05 of 1st period - Mike Fisher wins face-off versus Brian Boyle in MapleLeafs zone.
12:29 of 1st period - Icing by Kyle Cumiskey.
12:30 of 1st period - Matt Duchene wins face-off versus Vernon Fiddler in MapleLeafs zone.
13:10 of 1st period - Shot by Ed Jovanovski.
13:10 of 1st period - Stopped by Jonathan Quick without a rebound.
13:11 of 1st period - Brian Boyle wins face-off versus Patrick Marleau in Kings zone.
13:42 of 1st period - Shot by Brian Boyle.
13:42 of 1st period - Shot Misses the Net.
14:42 of 1st period - Minor Penalty to Antoine Vermette for Interference.
14:43 of 1st period - Brian Boyle wins face-off versus Mike Fisher in Kings zone.
15:08 of 1st period - Shot by Kris Versteeg.
15:08 of 1st period - Stopped by Jonathan Quick without a rebound.
15:09 of 1st period - Vincent Lecavalier wins face-off versus Chris Thorburn in Kings zone.
15:15 of 1st period - Minor Penalty to Bryan Allen for Roughing.
15:16 of 1st period - Brian Rolston wins face-off versus Patrick Marleau in Kings zone.
15:24 of 1st period - Off-side.
15:25 of 1st period - Kris Versteeg wins face-off versus Matt Duchene in neutral zone.
15:57 of 1st period - Off-side.
15:58 of 1st period - Vincent Lecavalier wins face-off versus Brian Rolston in neutral zone.
16:49 of 1st period - Shot by Mike Grier.
16:49 of 1st period - Shot Misses the Net.
16:51 of 1st period - Shot by Greg Zanon.
16:51 of 1st period - Shot Misses the Net.
16:53 of 1st period - Shot by Greg Zanon.
16:53 of 1st period - Stopped by Jonathan Quick with a rebound.
16:55 of 1st period - Shot by Mike Fisher.
16:55 of 1st period - Deflect By Kris Versteeg.
16:55 of 1st period - Shot Blocked by Jamie McBain.
16:57 of 1st period - Shot by Kyle Cumiskey.
16:57 of 1st period - Stopped by Jonathan Quick without a rebound.
16:58 of 1st period - Kris Versteeg wins face-off versus Brian Boyle in Kings zone.
17:07 of 1st period - Shot by Jay Harrison.
17:07 of 1st period - Stopped by Jonathan Quick without a rebound.
17:08 of 1st period - Antoine Vermette wins face-off versus Vincent Lecavalier in Kings zone.
19:05 of 1st period - Mike Grier is hit by Jack Hillen and loses puck.
19:08 of 1st period - Shot by Greg Zanon.
19:08 of 1st period - Shot Misses the Net.
19:17 of 1st period - Mike Fisher is hit by Jonathon Blum and loses puck.
19:33 of 1st period - Shot by Mike Fisher.
19:33 of 1st period - Stopped by Jonathan Quick without a rebound.
19:34 of 1st period - Antoine Vermette wins face-off versus Vincent Lecavalier in Kings zone.
19:41 of 1st period - Shot by Evgeni Malkin.
19:41 of 1st period - Shot Misses the Net.
19:43 of 1st period - Shot by Patrick Marleau.
19:43 of 1st period - Deflect By Evgeni Malkin.
19:43 of 1st period - Shot Misses the Net.
19:47 of 1st period - Shot by Drew Doughty.
19:47 of 1st period - Goal by Drew Doughty - MapleLeafs : 5 - Kings : 1.
19:47 of 1st period - Nikolai Khabibulin enters game.
19:48 of 1st period - Brian Rolston wins face-off versus Vincent Lecavalier in neutral zone.
19:51 of 1st period - Shot by Matt Duchene.
19:51 of 1st period - Shot Misses the Net.

Period #2

0:01 of 2nd period - Vincent Lecavalier wins face-off versus Matt Duchene in neutral zone.
0:24 of 2nd period - Shot by Matt Duchene.
0:24 of 2nd period - Shot Misses the Net.
0:34 of 2nd period - Shot by Vincent Lecavalier.
0:34 of 2nd period - Deflect By Evgeni Malkin.
0:34 of 2nd period - Stopped by Nikolai Khabibulin without a rebound.
0:35 of 2nd period - Mike Fisher wins face-off versus Antoine Vermette in Kings zone.
1:03 of 2nd period - Shot by Jamie McBain.
1:03 of 2nd period - Goal by Jamie McBain - MapleLeafs : 5 - Kings : 2.
1:04 of 2nd period - Vernon Fiddler wins face-off versus Brian Boyle in neutral zone.
2:08 of 2nd period - Minor Penalty to Matt Duchene for Tripping.
2:09 of 2nd period - Mike Fisher wins face-off versus Antoine Vermette in Kings zone.
2:12 of 2nd period - Shot by Mike Grier.
2:12 of 2nd period - Shot Misses the Net.
2:31 of 2nd period - Icing by Jay Harrison.
2:32 of 2nd period - Brian Boyle wins face-off versus Mike Fisher in MapleLeafs zone.
3:13 of 2nd period - Shot by Drew Doughty.
3:13 of 2nd period - Shot Misses the Net.
3:15 of 2nd period - Shot by Ed Jovanovski.
3:15 of 2nd period - Stopped by Nikolai Khabibulin with a rebound.
3:19 of 2nd period - Shot by Drew Doughty.
3:19 of 2nd period - Stopped by Nikolai Khabibulin without a rebound.
3:20 of 2nd period - Antoine Vermette wins face-off versus Vincent Lecavalier in Kings zone.
3:20 of 2nd period - Antoine Vermette is hit by Vincent Lecavalier.
3:21 of 2nd period - Minor Penalty to Vincent Lecavalier for Hooking.
3:22 of 2nd period - Patrick Marleau wins face-off versus Antoine Vermette in MapleLeafs zone.
4:22 of 2nd period - Shot by Sergei Gonchar.
4:22 of 2nd period - Stopped by Ryan Miller without a rebound.
4:23 of 2nd period - Patrick Marleau wins face-off versus Matt Duchene in MapleLeafs zone.
4:48 of 2nd period - Shot by Matt Duchene.
4:48 of 2nd period - Stopped by Ryan Miller without a rebound.
4:49 of 2nd period - Antoine Vermette wins face-off versus Evgeni Malkin in MapleLeafs zone.
5:04 of 2nd period - Kris Versteeg is hit by Sean Bergenheim and loses puck.
5:33 of 2nd period - Shot by Michael Frolik.
5:33 of 2nd period - Stopped by Ryan Miller with a rebound.
5:53 of 2nd period - Shot by Brian Boyle.
5:53 of 2nd period - Deflect By Wojtek Wolski.
5:53 of 2nd period - Goal by Wojtek Wolski - MapleLeafs : 5 - Kings : 3.
5:54 of 2nd period - Patrick Marleau wins face-off versus Chris Thorburn in neutral zone.
7:09 of 2nd period - Antoine Vermette is hit by Patrick Marleau and loses puck.
7:18 of 2nd period - Shot by Evgeni Malkin.
7:18 of 2nd period - Shot Blocked by Bryan Allen.
8:00 of 2nd period - Mike Fisher is hit by Jack Hillen and loses puck.
8:04 of 2nd period - Mike Fisher is hit by Jonathon Blum and loses puck.
8:12 of 2nd period - Kris Versteeg is hit by Jack Hillen and loses puck.
8:19 of 2nd period - Shot by Kris Versteeg.
8:19 of 2nd period - Stopped by Nikolai Khabibulin without a rebound.
8:20 of 2nd period - Vernon Fiddler wins face-off versus Matt Duchene in Kings zone.
9:14 of 2nd period - Icing by Sean Bergenheim.
9:15 of 2nd period - Antoine Vermette wins face-off versus Mike Fisher in Kings zone.
9:22 of 2nd period - Greg Zanon is hit by Sean Bergenheim and loses puck.
9:26 of 2nd period - Minor Penalty to Jarret Stoll for Hooking.
9:27 of 2nd period - Vincent Lecavalier wins face-off versus Antoine Vermette in Kings zone.
9:30 of 2nd period - Shot by Vincent Lecavalier.
9:30 of 2nd period - Stopped by Nikolai Khabibulin without a rebound.
9:31 of 2nd period - Brian Boyle wins face-off versus Vincent Lecavalier in Kings zone.
9:40 of 2nd period - Shot by Evgeni Malkin.
9:40 of 2nd period - Stopped by Nikolai Khabibulin with a rebound.
9:42 of 2nd period - Shot by Vincent Lecavalier.
9:42 of 2nd period - Goal by Vincent Lecavalier - MapleLeafs : 6 - Kings : 3.
9:43 of 2nd period - Brian Boyle wins face-off versus Mike Fisher in neutral zone.
9:48 of 2nd period - Kris Versteeg is hit by Brian Boyle and loses puck.
10:22 of 2nd period - Michael Frolik is hit by Greg Zanon.
10:30 of 2nd period - Wojtek Wolski is hit by Mike Fisher and loses puck.
10:53 of 2nd period - Shot by Jarret Stoll.
10:53 of 2nd period - Stopped by Ryan Miller without a rebound.
10:54 of 2nd period - Vernon Fiddler wins face-off versus Matt Duchene in MapleLeafs zone.
11:29 of 2nd period - Shot by Matt Duchene.
11:29 of 2nd period - Stopped by Ryan Miller without a rebound.
11:30 of 2nd period - Vincent Lecavalier wins face-off versus Antoine Vermette in MapleLeafs zone.
11:55 of 2nd period - Shot by Bryan Allen.
11:55 of 2nd period - Stopped by Ryan Miller without a rebound.
11:56 of 2nd period - Mike Fisher wins face-off versus Chris Thorburn in MapleLeafs zone.
12:05 of 2nd period - Shot by Joe Corvo.
12:05 of 2nd period - Shot Misses the Net.
12:07 of 2nd period - Shot by Craig Adams.
12:07 of 2nd period - Shot Blocked by Greg Zanon.
12:09 of 2nd period - Shot by Joe Corvo.
12:09 of 2nd period - Deflect By Evgeny Dadonov.
12:09 of 2nd period - Shot Misses the Net.
12:11 of 2nd period - Shot by Chris Thorburn.
12:11 of 2nd period - Stopped by Ryan Miller with a rebound.
12:13 of 2nd period - Shot by Craig Adams.
12:13 of 2nd period - Deflect By Evgeny Dadonov.
12:13 of 2nd period - Shot Misses the Net.
12:15 of 2nd period - Shot by Sergei Gonchar.
12:15 of 2nd period - Shot Misses the Net.
12:17 of 2nd period - Shot by Craig Adams.
12:17 of 2nd period - Stopped by Ryan Miller with a rebound.
12:23 of 2nd period - Shot by Joe Corvo.
12:23 of 2nd period - Shot Blocked by Mike Grier.
12:33 of 2nd period - Shot by Evgeny Dadonov.
12:33 of 2nd period - Stopped by Ryan Miller without a rebound.
12:34 of 2nd period - Brian Boyle wins face-off versus Vincent Lecavalier in MapleLeafs zone.
12:39 of 2nd period - Shot by Wojtek Wolski.
12:39 of 2nd period - Deflect By Michael Frolik.
12:39 of 2nd period - Stopped by Ryan Miller with a rebound.
12:41 of 2nd period - Shot by Wojtek Wolski.
12:41 of 2nd period - Shot Misses the Net.
12:43 of 2nd period - Shot by Brian Boyle.
12:43 of 2nd period - Stopped by Ryan Miller without a rebound.
12:44 of 2nd period - Vernon Fiddler wins face-off versus Antoine Vermette in MapleLeafs zone.
12:44 of 2nd period - Vernon Fiddler is hit by Sean Bergenheim.
12:54 of 2nd period - Shot by Jarret Stoll.
12:54 of 2nd period - Goal by Jarret Stoll - MapleLeafs : 6 - Kings : 4.
12:55 of 2nd period - Vincent Lecavalier wins face-off versus Wojtek Wolski in neutral zone.
13:12 of 2nd period - Shot by Brian Boyle.
13:12 of 2nd period - Goal by Brian Boyle - MapleLeafs : 6 - Kings : 5.
13:12 of 2nd period - Johan Hedberg enters game.
13:13 of 2nd period - Antoine Vermette wins face-off versus Adam Hall in neutral zone.
13:19 of 2nd period - Jarret Stoll is hit by Andrew Alberts and loses puck.
13:28 of 2nd period - Shot by Jarret Stoll.
13:28 of 2nd period - Stopped by Johan Hedberg without a rebound.
13:29 of 2nd period - Vincent Lecavalier wins face-off versus Matt Duchene in MapleLeafs zone.
14:28 of 2nd period - Icing by Jamie McBain.
14:29 of 2nd period - Antoine Vermette wins face-off versus Vernon Fiddler in Kings zone.
14:29 of 2nd period - Antoine Vermette is hit by Adam Hall.
14:39 of 2nd period - Minor Penalty to Sean Bergenheim for Hooking.
14:40 of 2nd period - Mike Fisher wins face-off versus Antoine Vermette in Kings zone.
14:43 of 2nd period - Shot by Kris Versteeg.
14:43 of 2nd period - Shot Misses the Net.
14:47 of 2nd period - Shot by Jay Harrison.
14:47 of 2nd period - Stopped by Nikolai Khabibulin without a rebound.
14:48 of 2nd period - Brian Boyle wins face-off versus Mike Fisher in Kings zone.
14:48 of 2nd period - Brian Boyle is hit by Mike Grier.
15:39 of 2nd period - Icing by Ed Jovanovski.
15:40 of 2nd period - Vincent Lecavalier wins face-off versus Brian Boyle in MapleLeafs zone.
15:45 of 2nd period - Shot by Drew Doughty.
15:45 of 2nd period - Shot Hit the Post.
15:47 of 2nd period - Shot by Evgeni Malkin.
15:47 of 2nd period - Stopped by Nikolai Khabibulin without a rebound.
15:48 of 2nd period - Vincent Lecavalier wins face-off versus Brian Boyle in Kings zone.
15:51 of 2nd period - Shot by Vincent Lecavalier.
15:51 of 2nd period - Shot Misses the Net.
15:53 of 2nd period - Shot by Ed Jovanovski.
15:53 of 2nd period - Stopped by Nikolai Khabibulin without a rebound.
15:54 of 2nd period - Mike Fisher wins face-off versus Brian Boyle in Kings zone.
15:54 of 2nd period - Mike Fisher is hit by Joe Corvo.
16:01 of 2nd period - Kris Versteeg is hit by Joe Corvo and loses puck.
16:09 of 2nd period - Icing by Greg Zanon.
16:10 of 2nd period - Brian Boyle wins face-off versus Kris Versteeg in MapleLeafs zone.
16:41 of 2nd period - Shot by Evgeni Malkin.
16:41 of 2nd period - Shot Misses the Net.
16:53 of 2nd period - Shot by Jonathon Blum.
16:53 of 2nd period - Shot Misses the Net.
16:55 of 2nd period - Shot by Brian Boyle.
16:55 of 2nd period - Shot Blocked by Andrew Alberts.
17:04 of 2nd period - Minor Penalty to Andrew Alberts for Interference.
17:05 of 2nd period - Patrick Marleau wins face-off versus Matt Duchene in MapleLeafs zone.
17:40 of 2nd period - Shot by Matt Duchene.
17:40 of 2nd period - Deflect By Brian Rolston.
17:40 of 2nd period - Shot Misses the Net.
18:24 of 2nd period - Shot by Jarret Stoll.
18:24 of 2nd period - Stopped by Johan Hedberg without a rebound.
18:25 of 2nd period - Patrick Marleau wins face-off versus Jarret Stoll in MapleLeafs zone.
18:54 of 2nd period - Kyle Cumiskey is hit by Jarret Stoll and loses puck.
19:14 of 2nd period - Icing by Andrew Alberts.
19:15 of 2nd period - Chris Thorburn wins face-off versus Vernon Fiddler in MapleLeafs zone.
19:24 of 2nd period - Shot by Evgeny Dadonov.
19:24 of 2nd period - Stopped by Johan Hedberg without a rebound.
19:25 of 2nd period - Mike Fisher wins face-off versus Brian Boyle in MapleLeafs zone.
19:45 of 2nd period - Michael Frolik is hit by Greg Zanon and loses puck.

Period #3

0:01 of 3rd period - Vincent Lecavalier wins face-off versus Matt Duchene in neutral zone.
0:09 of 3rd period - Joe Corvo is hit by Vincent Lecavalier and loses puck.
0:28 of 3rd period - Shot by Evgeni Malkin.
0:28 of 3rd period - Stopped by Nikolai Khabibulin without a rebound.
0:29 of 3rd period - Mike Fisher wins face-off versus Antoine Vermette in Kings zone.
0:31 of 3rd period - Minor Penalty to Bryan Allen for Delaying the game.
0:32 of 3rd period - Antoine Vermette wins face-off versus Mike Fisher in Kings zone.
1:10 of 3rd period - Off-side.
1:11 of 3rd period - Vincent Lecavalier wins face-off versus Craig Adams in neutral zone.
2:07 of 3rd period - Craig Adams is hit by Mike Grier and loses puck.
2:35 of 3rd period - Sean Bergenheim is hit by Andrew Alberts and loses puck.
3:09 of 3rd period - Antoine Vermette is hit by Shawn Thornton and loses puck.
3:29 of 3rd period - Off-side.
3:30 of 3rd period - Evgeni Malkin wins face-off versus Matt Duchene in neutral zone.
3:39 of 3rd period - Evgeni Malkin is hit by Sergei Samsonov and loses puck.
4:34 of 3rd period - Shot by Wojtek Wolski.
4:34 of 3rd period - Shot Misses the Net.
4:38 of 3rd period - Shot by Brian Boyle.
4:38 of 3rd period - Stopped by Johan Hedberg without a rebound.
4:39 of 3rd period - Vernon Fiddler wins face-off versus Chris Thorburn in MapleLeafs zone.
5:51 of 3rd period - Minor Penalty to Andrew Alberts for Holding.
5:52 of 3rd period - Antoine Vermette wins face-off versus Patrick Marleau in MapleLeafs zone.
7:26 of 3rd period - Shot by Jamie McBain.
7:26 of 3rd period - Stopped by Johan Hedberg with a rebound.
7:30 of 3rd period - Shot by Sean Bergenheim.
7:30 of 3rd period - Stopped by Johan Hedberg without a rebound.
7:31 of 3rd period - Patrick Marleau wins face-off versus Matt Duchene in MapleLeafs zone.
8:02 of 3rd period - Jay Harrison is hit by Brian Boyle.
8:20 of 3rd period - Kris Versteeg is hit by Jack Hillen.
8:22 of 3rd period - Shot by Jay Harrison.
8:22 of 3rd period - Shot Misses the Net.
8:31 of 3rd period - Minor Penalty to Shawn Thornton for Roughing.
8:32 of 3rd period - Antoine Vermette wins face-off versus Patrick Marleau in MapleLeafs zone.
8:33 of 3rd period - Shot by Sean Bergenheim.
8:33 of 3rd period - Stopped by Johan Hedberg without a rebound.
8:34 of 3rd period - Antoine Vermette wins face-off versus Patrick Marleau in MapleLeafs zone.
8:43 of 3rd period - Shot by Jamie McBain.
8:43 of 3rd period - Stopped by Johan Hedberg without a rebound.
8:44 of 3rd period - Antoine Vermette wins face-off versus Patrick Marleau in MapleLeafs zone.
8:52 of 3rd period - Icing by Jarret Stoll.
8:53 of 3rd period - Patrick Marleau wins face-off versus Antoine Vermette in Kings zone.
9:14 of 3rd period - Shot by Jamie McBain.
9:14 of 3rd period - Stopped by Johan Hedberg without a rebound.
9:15 of 3rd period - Patrick Marleau wins face-off versus Matt Duchene in MapleLeafs zone.
9:31 of 3rd period - Brian Rolston is hit by Ed Jovanovski and loses puck.
10:36 of 3rd period - Vernon Fiddler is hit by Brian Boyle and loses puck.
12:58 of 3rd period - Icing by Jamie McBain.
12:59 of 3rd period - Antoine Vermette wins face-off versus Adam Hall in Kings zone.
12:59 of 3rd period - Jarret Stoll is hit by Shawn Thornton and loses puck.
13:28 of 3rd period - Shot by Matt Duchene.
13:28 of 3rd period - Shot Misses the Net.
13:32 of 3rd period - Shot by Matt Duchene.
13:32 of 3rd period - Stopped by Johan Hedberg without a rebound.
13:33 of 3rd period - Mike Fisher wins face-off versus Brian Boyle in MapleLeafs zone.
13:33 of 3rd period - Mike Fisher is hit by Brian Boyle.
14:09 of 3rd period - Shot by Wojtek Wolski.
14:09 of 3rd period - Shot Blocked by Jay Harrison.
14:42 of 3rd period - Shot by Sergei Samsonov.
14:42 of 3rd period - Shot Misses the Net.
15:19 of 3rd period - Evgeni Malkin is hit by Bryan Allen and loses puck.
15:25 of 3rd period - Minor Penalty to Bryan Allen for Holding.
15:26 of 3rd period - Vincent Lecavalier wins face-off versus Antoine Vermette in Kings zone.
15:46 of 3rd period - Icing by Evgeni Malkin.
15:47 of 3rd period - Antoine Vermette wins face-off versus Vincent Lecavalier in MapleLeafs zone.
16:18 of 3rd period - Shot by Kyle Cumiskey.
16:18 of 3rd period - Stopped by Nikolai Khabibulin without a rebound.
16:19 of 3rd period - Antoine Vermette wins face-off versus Evgeni Malkin in Kings zone.
16:41 of 3rd period - Minor Penalty to Brian Rolston for Hooking.
16:42 of 3rd period - Matt Duchene wins face-off versus Mike Grier in Kings zone.
16:57 of 3rd period - Shot by Mike Grier.
16:57 of 3rd period - Shot Misses the Net.
18:05 of 3rd period - Shot by Jay Harrison.
18:05 of 3rd period - Stopped by Nikolai Khabibulin with a rebound.
18:07 of 3rd period - Shot by Shawn Thornton.
18:07 of 3rd period - Shot Blocked by Joe Corvo.
18:46 of 3rd period - Off-side.
18:47 of 3rd period - Vernon Fiddler wins face-off versus Antoine Vermette in neutral zone.
18:57 of 3rd period - Shot by Kris Versteeg.
18:57 of 3rd period - Stopped by Nikolai Khabibulin without a rebound.
18:58 of 3rd period - Sergei Samsonov wins face-off versus Vincent Lecavalier in Kings zone.
19:03 of 3rd period - Kings, Nikolai Khabibulin is pulled from the net.
19:21 of 3rd period - Shot by Vincent Lecavalier.
19:21 of 3rd period - Goal by Vincent Lecavalier - MapleLeafs : 7 - Kings : 5.
19:21 of 3rd period - Nikolai Khabibulin from Kings was sent back in the game.
19:22 of 3rd period - Vincent Lecavalier wins face-off versus Matt Duchene in neutral zone.
19:24 of 3rd period - Off-side.
19:25 of 3rd period - Matt Duchene wins face-off versus Vincent Lecavalier in neutral zone.


Output by the SimonT Hockey Simulator (STHS) for Stephane Roy -- Original Page W3C XHTML 1.0 Valid